 Dungeon Crawl Stone Soup version 0.31-a0-44-g49d609d0da (webtiles) character file.

Game seed: 17166799000598140817

44 BlueFish the Charlatan (level 3, -6/29 HPs)
             Began as a Draconian Artificer on May 20, 2023.
             Mangled by Robin
             ... wielding a +0 trident
              (8 damage)
             ... on level 2 of the Dungeon.
             The game lasted 00:01:33 (1174 turns).

BlueFish the Charlatan (Draconian Artificer)        Turns: 1174, Time: 00:01:34

Health: -6/29      AC:  5    Str: 14    XL:     3   Next: 39%
Magic:  3/3        EV: 11    Int: 13    God:
Gold:   21         SH:  3    Dex: 11    Spells: 2/2 levels left

rFire   . . .        k - +0 dagger (venom)
rCold   . . .        i - +0 buckler
rNeg    . . .        (body armour unavailable)
rPois   .            (helmet restricted)
rElec   .            (no cloak)
rCorr   .            (no gloves)
SInv    .            (no boots)
Will    .....        (no amulet)
Stlth   ++           (no ring)
HPRegen 0.24/turn    (no ring)
MPRegen 0.08/turn

%: no passive effects
@: no status effects
A: AC +5, unfitting armour, cold-blooded
a: no special abilities


You were on level 2 of the Dungeon.
You visited 1 branch of the dungeon, and saw 2 of its levels.

You collected 21 gold pieces.

Inventory:

Hand Weapons
 a - a +0 club
 h - a +0 short sword
 k - a +0 dagger of venom (weapon)
Armour
 i - a +0 buckler (worn)
Wands
 b - a wand of flame (15) (quivered)
 c - a wand of charming (15)
 d - a wand of iceblast (5)
Scrolls
 g - a scroll of noise {unknown}
 l - 2 scrolls of torment
 m - a scroll of identify {unknown}
 n - a scroll of teleportation {unknown}
Potions
 e - a potion of attraction {unknown}
 j - a potion of heal wounds {unknown}


   Skills:
 + Level 1.8 Fighting
 + Level 0.6 Short Blades
 + Level 2.5 Dodging
 + Level 1.5 Stealth
 + Level 0.7 Shields
 + Level 3.3 Evocations


You had 2 spell levels left.
You didn't know any spells.
Your spell library was empty.

Dungeon Overview and Level Annotations

Branches:
Dungeon (2/15)

Altars:

Shops:
D:1 ?

Annotations:
D:2 Robin


Innate Abilities, Weirdness & Mutations

Your plain brown scales are hard. (AC +5)
You cannot fit into any form of body armour.
You are cold-blooded and may be slowed by cold attacks.


Message History

The hobgoblin is almost dead.
You kill the hobgoblin!
You closely miss the hobgoblin.
A goblin comes into view. It is wielding a +0 club.
The hobgoblin hits you.
The goblin shouts!
You hit the hobgoblin.
The hobgoblin is poisoned.
The hobgoblin is almost dead.
You hear a shout!
Robin throws the goblin at you! The goblin hits you but does no damage.
The hobgoblin closely misses you. The goblin closely misses you.
Robin roars a battlecry!
A goblin comes into view. It is wielding a +0 club.
The hobgoblin closely misses you.
You hear a shout!
You hit the hobgoblin.
You kill the hobgoblin!
Robin hits you from afar with a +0 trident.
The hobgoblin closely misses you.
Items here: )))) †††.
You hit the hobgoblin but do no damage.
The hobgoblin is poisoned.
The goblin no longer looks unusually strong.
The goblin hits you with a +0 club.
* * * LOW HITPOINT WARNING * * *
The hobgoblin hits you but does no damage.
The goblin closely misses you. The hobgoblin closely misses you.
You closely miss the hobgoblin.
The hobgoblin is moderately wounded.
A goblin comes into view. It is wielding a +0 dagger.
You block the hobgoblin's attack. The goblin misses you.
Robin barely misses you.
Okay, then.
As you read the scroll labelled ACHAP LASCHAU, it crumbles to dust.
The scroll dissolves into smoke.
It was a scroll of fog.
The goblin no longer looks unusually strong.
The hobgoblin hits you.
* * * LOW HITPOINT WARNING * * *
Robin says, "We wiped out the hill dwarves - you're next!"
Robin hits you from afar with a +0 trident!
You die...

.!# #.# .. # #.# . #.# .#
##.###### .. .. g.# #.......#
... #. .. #.......#
....##.########g# #.......#
...........§g@gg# #.......#
#####..##############.......#
#.................##.......#
#.###.###########.##.......#
.. #.( ....#####.##.......#
## #### #......<##.......#
###.....###.######
#####..######.## #.......#
#....#


You could see Robin (resistant), a hobgoblin (strong, very poisoned) and 2
goblins.

Vanquished Creatures
  A gnoll (D:1)
  A worm (D:2)
  A dart slug (D:1)
  2 bats (D:1)
  An endoplasm (D:2)
  A giant cockroach (D:1)
  5 hobgoblins
  3 quokkas
  A ball python (D:1)
  2 frilled lizards (D:1)
  7 goblins
  A rat (D:1)
26 creatures vanquished.

Notes
Turn   | Place    | Note
-------+----------+-------------------------------------------
     0 | D:1      | BlueFish the Draconian Artificer began the quest for the
                  | Orb.
     0 | D:1      | Reached XP level 1. HP: 16/16 MP: 1/1
    65 | D:1      | Reached skill level 1 in Stealth
    88 | D:1      | Found Wefeovyroe's Magic Scroll Boutique.
   246 | D:1      | Reached XP level 2. HP: 23/23 MP: 2/2
   991 | D:2      | Reached XP level 3. HP: 29/29 MP: 3/3
  1156 | D:2      | Noticed Robin
  1174 | D:2      | Mangled by Robin

Illustrated notes

Levels and vault maps discovered:
D:1:      dpeg_arrival_arbitrary_a, layout_loops_ring, serial_shops,
          nicolae_shop_stone
D:2:      layout_basic, uniq_robin

Skill      XL: |  1 |
---------------+----+-----
Stealth        | 1 |  1.5
Fighting       | |  1.8
Short Blades   | |  0.6
Dodging        | |  2.5
Shields        | |  0.7
Evocations     | |  3.3

Action                     || total
---------------------------++-------
  Melee: Club              ||    36
         Tailslap          ||    14
         Short sword       ||    26
         Dagger            ||    60
    Use: Scroll            ||     2
   Stab: Sleeping          ||     3
 Armour: Skin              ||    42
  Dodge: Dodged            ||    70
  Block: Buckler           ||    14

Table legend: (Time is in decaauts)
 A = Elapsed time spent in this place.
 B = Non-inter-level travel time spent in this place.
 C = Inter-level travel time spent in this place.
 D = Time resting spent in this place.
 E = Time spent auto-exploring this place.
 F = Levels seen in this place.
 G = Mean time per level.
                   A        B        C        D        E       F      G
               +--------+--------+--------+--------+--------+-----+--------+
         Total |   1186 |   1133 |     53 |      0 |    884 |   2 |  593.0 |
       Dungeon |   1186 |   1133 |     53 |      0 |    884 |   2 |  593.0 |
               +--------+--------+--------+--------+--------+-----+--------+

Top non-repeatable levels by time:
     D:1: 865 daAuts
     D:2: 320 daAuts
